 Dungeon Crawl Stone Soup version 0.29.0-7-g18a832c13a (webtiles) character file.

Game seed: 16660913118287078789

2 xian the Sneak (level 1, -3/21 HPs)
             Began as a Naga Delver on Sept 1, 2022.
             Slain by an iguana (10 damage)
             ... on level 5 of the Dungeon.
             The game lasted 00:00:48 (84 turns).

xian the Sneak (Naga Delver)                          Turns: 84, Time: 00:00:48

Health: -3/21      AC:  1    Str: 14    XL:     1   Next: 30%
Magic:  0/1        EV:  9    Int: 10    God:
Gold:   14         SH:  0    Dex: 12    Spells: 0/0 levels left

rFire   . . .      SeeInvis +   a - +0 hand axe
rCold   . . .      Faith    .   (no shield)
rNeg    . . .      Spirit   +   b - +0 leather armour
rPois   +          Reflect  .   (no helmet)
rElec   .          Harm     .   (no cloak)
rCorr   .          Rampage  .   (no gloves)
Will    .....                   (no barding)
Stlth   +++.......              i - amulet of guardian spirit
HPRegen 0.07/turn               (no ring)
MPRegen 0.07/turn               (no ring)

@: very slow
A: AC +0, large, see invisible, deformed body, poison resistance, slowness 2,
spit poison 1, naga tail 1
a: Spit Poison


You were on level 5 of the Dungeon.
You visited 1 branch of the dungeon, and saw 1 of its levels.

You collected 14 gold pieces.

Inventory:

Hand Weapons
 a - a +0 hand axe (weapon)
Armour
 b - a +0 leather armour (worn)
Jewellery
 i - an amulet of guardian spirit (around neck)
Wands
 g - a wand of digging (3)
 l - a wand of light (14)
Scrolls
 c - a scroll of fog
 d - a scroll of magic mapping
 e - a scroll of fear
 h - 3 scrolls of noise {unknown}
Potions
 f - a potion of haste
 j - a potion of lignification {unknown}
 k - 2 potions of brilliance {unknown}


   Skills:
 * Level 3.1 Fighting
 + Level 2.0 Axes
 + Level 1.5 Dodging
 - Level 7.2 Stealth


You couldn't memorise any spells.
You didn't know any spells.
Your spell library was empty.

Dungeon Overview and Level Annotations

Branches:
Dungeon (5/15)
 Temple: D:4-7

Altars:


Innate Abilities, Weirdness & Mutations

Your serpentine skin is tough. (AC +0)
You have supernaturally acute eyesight. (SInv)
Armour fits poorly on your strangely shaped body.
Your system is resistant to poisons. (rPois)
You cover ground very slowly.
You can spit poison.
You have a snake-like lower body.


Message History

You now have 14 gold pieces.
Found a rapier.
i - an amulet of guardian spirit You start putting on your amulet.
You continue putting on your amulet of guardian spirit. x5
You finish putting on your amulet of guardian spirit.
You feel your power drawn to a protective spirit.
i - an amulet of guardian spirit (around neck)
You see here a +0 rapier.
j - a sedimented black potion You see here a +0 club.
An orc comes into view. It is wielding a +0 hand axe.
Found 2 black potions.
The orc shouts!
You hit the orc.
The orc is lightly wounded.
The orc completely misses you.
You hit the orc.
The orc is almost dead.
The orc hits you with a +0 hand axe.
You barely miss the orc.
The orc is almost dead.
The orc hits you with a +0 hand axe.
You hit the orc but do no damage.
The orc is almost dead.
The orc hits you with a +0 hand axe.
You hit the orc.
You kill the orc!
Things that are here:
a +0 hand axe; an orc corpse
Found a jewelled ivory wand.
k - 2 black potions
Found a stone staircase leading up.
An iguana comes into view.
The iguana hisses angrily.
You see here a wand of light (14).
l - a wand of light (14)
The iguana attacks as you move away! The iguana bites you.
The iguana bites you!
You die...

### #.### .. #)..## ..
##...## #....... ##...#
#......
#.#.....########......
#.#####.......<......
###...#######....##...
..#.......... #@##.l
.......#..## #l##.#
......>.#..# #.##.#######
........##.#####...........
........##....##...#######.
.......).....)..........
..#...#######.##.#######
####### #....# ###...#


You could see an iguana.

Vanquished Creatures
  An orc (D:5)
1 creature vanquished.

Notes
Turn   | Place    | Note
-------+----------+-------------------------------------------
     0 | D:5      | xian the Naga Delver began the quest for the Orb.
     0 | D:5      | Reached XP level 1. HP: 21/21 MP: 1/1
    76 | D:5      | Noticed an iguana
    84 | D:5      | Slain by an iguana

Illustrated notes

Levels and vault maps discovered:
D:5:      layout_rooms, serial_shops, shop, gammafunk_ghost_smash,
          kennysheep_generic_room_12

Action                   || total
-------------------------++-------
Melee: Hand axe          ||     5
Dodge: Dodged            ||     1
